 Dungeon Sprint DCSS version 0.24.0-1-gfbc8707 (webtiles) character file.

Game seed: 16568225782613681287, levelgen mode: deterministic

367 Fang the Fighter (level 6, -16/44 HPs)
             Began as a Gargoyle Berserker on Nov 1, 2019.
             Was a Follower of Trog.
             Killed from afar by Iwnevicy the pandemonium lord (60 damage)
             ... with a great icy blast
             ... in the Dungeon (Sprint V: "Ziggurat Sprint").
             The game lasted 00:01:15 (222 turns).

Fang the Fighter (Gargoyle Berserker)                Turns: 222, Time: 00:01:15

Health: -16/44     AC: 32    Str: 35    XL:     6   Next: 69%
Magic:  6/6        EV:  3    Int:  7    God:    Trog [*.....]
Gold:   0          SH: 26    Dex:  9    Spells: 5/5 levels left

rFire    . . .     SeeInvis .   j - +5 broad axe
rCold    . . .     Gourm    .   G - +18 shield of the Gong {rElec rN+ MR+ EV-5}
rNeg     + + .     Faith    .   b - +15 Maxwell's patent armour {-Cast -Tele rElec MR+ rCorr}
rPois    ∞         Spirit   .   (no helmet)
rElec    +         Reflect  .   (no cloak)
rCorr    +         Harm     .   (no gloves)
MR       ++...     NoTele   +   (no boots) Stlth ..........NoCast +
                                (no amulet)
HPRegen  0.14/turn              E - +6 ring of strength
MPRegen  0.10/turn              F - +6 ring of strength

@: no status effects
A: negative energy resistance 1, electricity resistance, unbreathing,
petrification resistance, rot immunity, AC +4
a: Berserk, Renounce Religion


You were in the Dungeon.
You worshipped Trog.
Trog was aware of your devotion.
You were not hungry.

You visited 1 branch

Inventory:

Hand Weapons
 a - a +5 battleaxe
 j - a +5 broad axe (weapon)
 k - a +5 executioner's axe
 H - the cursed +14 obsidian axe {chop, +Fly SInv *Curse}
   (You found it in the Dungeon)

   It inflicts extra damage upon your enemies.
   It lets you see invisible.
   It lets you fly.
   It curses itself when equipped.
   It has a curse placed upon it.
Armour
 b - the +15 Maxwell's patent armour (worn) {-Cast -Tele rElec MR+ rCorr}
   (You found it in the Dungeon)

   It insulates you from electricity.
   It affects your resistance to hostile enchantments.
   It prevents spellcasting.
   It prevents most forms of teleportation.
   It provides partial protection from all sources of acid and corrosion.
 G - the +18 shield of the Gong (worn) {rElec rN+ MR+ EV-5}
   (You found it in the Dungeon)

   It affects your evasion (-5).
   It insulates you from electricity.
   It protects you from negative energy.
   It affects your resistance to hostile enchantments.
Jewellery
 E - a +6 ring of strength (left hand)
 F - a +6 ring of strength (right hand)
Wands
 w - a wand of disintegration (7)
 x - a wand of iceblast (7)
 y - a wand of acid (7)
Scrolls
 i - 4 scrolls of blinking
 l - 7 scrolls of fog
 m - a scroll of holy word
 n - 5 scrolls of identify
 o - 5 scrolls of remove curse
 p - 2 scrolls of fear
Potions
 d - 10 potions of curing
 e - 10 potions of heal wounds
 f - 6 potions of haste
 g - 7 potions of magic
 h - 3 potions of berserk rage
 q - 2 potions of brilliance
 r - 2 potions of invisibility
 s - 4 potions of resistance
 t - a potion of experience
 u - 5 potions of agility
 v - 5 potions of might
Comestibles
 c - 7 rations


   Skills:
 + Level 8.2 Fighting
 + Level 6.9 Axes
 + Level 7.8 Armour
 + Level 5.9 Dodging


You had 5 spell levels left.
You didn't know any spells.
Your spell library was empty.

Dungeon Overview and Level Annotations

Branches:
Dungeon (1/1)

Altars:
Ashenzari
Cheibriados
Dithmenos
Elyvilon
Fedhas
Gozag
Hepliaklqana
Kikubaaqudgha
Makhleb
Nemelex Xobeh
Okawaru
Qazlal
Ru
Sif Muna
Trog
Uskayaw
Vehumet
Wu Jian
Xom
Yredelemnul
Zin
The Shining One
Beogh
Jiyva
Lugonu

Annotations:
D 1 transporter


Innate Abilities, Weirdness & Mutations

You are resistant to torment.
Your stone body is resilient. (AC +4)
You are immune to poison.
You resist negative energy. (rN+)
You are resistant to electric shocks. (rElec)
You can survive without breathing.
You are immune to petrification.
You are immune to rotting.


Message History

You recover from your berserk rage.
You start waiting.
You see here a jumping spider corpse.
There is a transporter here.
Welcome to arena 2.
You enter the transporter and appear at another place.
A white imp, an ufetubus and a pandemonium lord come into view.
Iwnevicy barks, "Repent, thou warped fool-headed wastrel!"
The white imp shouts, "Crawl home, thou wayward boil-brained buzzard-bait!"
The ufetubus shouts!
Found three items.
Found a transporter.
Iwnevicy gestures at you.
Iwnevicy conjures a mighty blast of ice!
The great icy blast engulfs the ufetubus!!!
The ufetubus partially resists.
The ufetubus is frozen into a solid block of ice!
The ufetubus dies!
The great icy blast engulfs you!!!
Ouch! That really hurt!
You die...

▓▓▓▓▓▓▓▓▓▓▓▓▓
▓.8©8.▓.8©8.▓
▓.[=[.▓.....▓
▓.&.5.▓.}.|.▓
▓§§8..▓..†..▓
▓§§§§.▓.....▓
▓§§§§§▓..©..▓
▓§@©..▓▓▓▓▓▓▓
▓▓▓▓▓▓▓


You could see Iwnevicy and a white imp.

Vanquished Creatures
  A jumping spider (D)
  A tarantella (D)
2 creatures vanquished.

Vanquished Creatures (others)
  A spatial maelstrom (D)
  An ufetubus (D)
2 creatures vanquished.

Grand Total: 4 creatures vanquished

Notes
Turn   | Place    | Note
-------+----------+-------------------------------------------
     0 | D        | Fang the Gargoyle Berserker began the quest for the Orb.
     0 | D        | Reached XP level 1. HP: 14/14 MP: 1/1
     3 | D        | Banished a spatial maelstrom
     6 | D        | Found a blossoming altar of Fedhas.
     7 | D        | Found the +6 Majin-Bo {vamp, Archmagi MP+6 Int+6}
     7 | D        | Found the +7 great mace "Firestarter" {inner flame, rF++}
     7 | D        | Found a transporter.
     7 | D        | Found a viscous altar of Jiyva.
     7 | D        | Found an ancient bone altar of Kikubaaqudgha.
     7 | D        | Found a hazy altar of Hepliaklqana.
     7 | D        | Found a corrupted altar of Lugonu.
     7 | D        | Found an opulent altar of Gozag.
     7 | D        | Found a burning altar of Makhleb.
    11 | D        | Found a stormy altar of Qazlal.
    11 | D        | Found an iron altar of Okawaru.
    11 | D        | Found a sacrificial altar of Ru.
    11 | D        | Found a sparkling altar of Nemelex Xobeh.
    11 | D        | Found a shimmering blue altar of Sif Muna.
    11 | D        | Found a bloodstained altar of Trog.
    18 | D        | Found the +9 heavy crossbow "Sniper" {velocity, Acc+∞ SInv}
    18 | D        | Found the +10 dark maul {crush}
    18 | D        | Found the +15 Maxwell's patent armour {-Cast -Tele rElec
                  | MR+ rCorr}
    18 | D        | Found the +18 shield of the Gong {rElec rN+ MR+ EV-5}
    18 | D        | Found the cursed +14 obsidian axe {chop, +Fly SInv *Curse}
   102 | D        | Entered arena 2.
   102 | D        | Noticed a tarantella
   102 | D        | Noticed a jumping spider
   102 | D        | Found a transporter.
   110 | D        | Killed a tarantella
   110 | D        | Reached skill level 6 in Fighting
   110 | D        | Reached skill level 5 in Axes
   110 | D        | Reached XP level 2. HP: 23/23 MP: 2/2
   110 | D        | Reached XP level 3. HP: 28/28 MP: 3/3
   110 | D        | Reached XP level 4. HP: 32/32 MP: 4/4
   110 | D        | Reached XP level 5. HP: 37/37 MP: 5/5
   113 | D        | Killed a jumping spider
   113 | D        | Reached skill level 8 in Fighting
   113 | D        | Reached skill level 5 in Dodging
   113 | D        | Reached XP level 6. HP: 44/44 MP: 6/6
   221 | D        | Entered arena 3.
   221 | D        | Noticed Iwnevicy the pandemonium lord
   221 | D        | Found a transporter.
   222 | D        | Killed from afar by Iwnevicy the pandemonium lord

Levels and vault maps discovered:
D:        sprint_v [room_start, room_1, room_2, room_3, room_4, room_5, room_6,
          room_7, room_8, room_9, room_10, room_11, room_12, room_13, room_14,
          room_15, room_16, room_17, room_18, room_19, room_20, room_21,
          room_22, room_23, room_24, room_25, room_26, room_27]

Skill      XL: |  1  2  3  4  5 |
---------------+----------------+-----
Fighting       | 6 8 |  8.2
Axes           | 5 6 |  6.9
Armour         | 6 7 |  7.8
Dodging        | 4 5 |  5.9

Action                   |  1- 3 |  4- 6 || total
-------------------------+-------+-------++-------
Melee: Broad axe         |     7 |     2 ||     9
Invok: Berserk           |     1 |       ||     1
Armor: Plate armour      |     7 |       ||     7
Dodge: Dodged            |     1 |       ||     1
Block: Shield            |    10 |     2 ||    12
